 Dungeon Crawl Stone Soup version bcrawl-1.35.4c (webtiles) character file.

Game seed: 13398895847551151654

200126 einarkeyser the Stinger (level 8, -9/46 HPs)
             Began as a Fairy Venom Mage on Feb 23, 2022.
             Mangled by a four-headed hydra (14 damage)
             ... on level 6 of the Dungeon on Mar 3, 2022.
             The game lasted 00:28:51 (5715 turns).

einarkeyser the Stinger (Fairy Venom Mage)          Turns: 5715, Time: 00:28:51

Health: -9/46      AC:  8    Str:  6    XL:     8   Next: 35%
Magic:  13/19      EV: 17    Int: 23    God:
Gold:   38         SH:  5    Dex: 14    Spells: 9/19 levels left

rFire    . . .     SeeInvis .   h - +0 hunting sling
rCold    . . .     Gourm    .   (shield restricted)
rNeg     . . .     Faith    .   (armour unavailable)
rPois    .         Spirit   .   x - +1 hat {Int+3}
rElec    .         Reflect  .   s - +1 cloak
rCorr    .                      (no gloves)
MR       .....                  (no boots)
Stlth    +.........             (no amulet)
HPRegen  0.15/turn              v - ring of wizardry
MPRegen  0.16/turn              (no ring)

@: flying evasively
A: small, magic attunement, unstealthy, unfitting armour, able to fly, AC/SH +5
a: Stop Flying


You were on level 6 of the Dungeon.
You were not hungry.

You visited 1 branch of the dungeon, and saw 6 of its levels.

You collected 214 gold pieces.
You spent 176 gold pieces at shops.

Inventory:

Hand Weapons
 h - a +0 hunting sling (weapon)
Missiles
 g - 824 stones
 q - 732 sling bullets (quivered)
 u - 120 poisoned tomahawks
Armour
 k - a +0 helmet
 s - a +1 cloak (worn)
 x - a +1 hat of intelligence (worn)
Jewellery
 i - an uncursed ring of positive energy
 v - a ring of wizardry (left hand)
 y - a +2 ring of dexterity
Scrolls
 c - 3 scrolls of teleportation
 f - 2 scrolls of amnesia
 j - a scroll of immolation
 m - a scroll of blinking
 o - a scroll of fog
 p - 3 scrolls of remove curse
 t - 2 scrolls of noise
 w - 4 scrolls of magic mapping
Potions
 a - a potion of experience {unknown}
 b - a potion of berserk rage
 d - 2 potions of brilliance
 l - 2 potions of ambrosia {unknown}
 n - 7 potions of curing
 r - a potion of flight {unknown}
 A - 3 potions of heal wounds {unknown}
 C - a potion of magic {unknown}
Comestibles
 e - 12 rations {!d}
 z - a chunk of flesh


   Skills:
 - Level 3.0 Dodging
 - Level 2.0 Stealth
 + Level 6.1 Spellcasting
 - Level 3.0 Conjurations
 + Level 2.0 Transmutations
 + Level 4.0 Fire Magic
 + Level 5.2 Air Magic
 + Level 6.6 Poison Magic


You had 9 spell levels left.
You knew the following spells:

 Your Spells              Type           Power        Failure   Level  Hunger
a - Sting                 Conj/Pois      ####         1%          1    None
b - Poisonous Vapours     Pois/Air       ####..       1%          2    None
c - Olgreb's Toxic Radia  Pois           #####....    2%          4    None
d - Ignite Poison         Fire/Tmut/Pois ####....     1%          3    None

Your spell library contained the following spells:

 Spells                   Type           Power        Failure   Level  Hunger
 Beastly Appendage        Tmut           ###...       1%          1    None
 Spider Form              Tmut/Pois      ###          1%          3    None
 Sticks to Snakes         Tmut           ###.....     2%          2    None
 Passwall                 Tmut/Erth      ##......     3%          2    None
 Summon Scorpions         Summ/Pois      ###.....     9%          4    None
 Venom Bolt               Conj/Pois      ####......   13%         5    None
 Ice Form                 Ice/Tmut       ##......     22%         4    None
 Blade Hands              Tmut           ###.......   36%         5    None


Dungeon Overview and Level Annotations

Branches:
Dungeon (6/12)
 Temple: D:4-7

Altars:
Cheibriados
Gozag

Shops:
D:4 *   D:5 *


Innate Abilities, Weirdness & Mutations

Your spells do not cause hunger and MP costs are reduced by 1.
Your bright wings attract enemies. (Stealth-)
You cannot fit into any form of body armour.
Your shimmering scales are hard and can block incoming attacks. (AC +5, SH +5)
You are small and have problems with some larger weapons.
You can fly continuously.


Message History

The four-headed hydra bites you.
You block the four-headed hydra's attack.
The four-headed hydra closely misses you.
The phantom hits you!
The phantom blinks!
The four-headed hydra looks more healthy.
The phantom blinks!
Casting: Poisonous Vapours (safe; 1% risk of failure)
Confirm with . or Enter, or press ? or * to list all spells.
Aiming: Poisonous Vapours (safe; 1% risk of failure)
Press: ? - help, Dir - move target cursor, f/p - four-headed hydra
Aim: a four-headed hydra Poisonous vapours appear!
The four-headed hydra barely misses you.
The four-headed hydra closely misses you. x2
The four-headed hydra bites you.
There is a stone staircase leading up here.
The four-headed hydra bites you!
* * * LOW HITPOINT WARNING * * *
The four-headed hydra misses you. x2; The four-headed hydra bites you!
You die...

#.# #.......# #.# #......## #.#
#......# #.# #......#
#.#####+#+#'####
#.##...........#####
#.##...........'....
#.##...........##### .
#.#@.............<.. ..
#.##D÷............#.
...###########.##....###+#.#.###.
...'.......W.........# #.#.# #.
...#...#######.......# #.#.###.
.. #...# #.......# #.#..... .
##### #.......# #.######
#.......# #.. #.......#


You could see a four-headed hydra.

Vanquished Creatures
  A sky beast (D:4)
  3 centaurs (D:5)
  2 ogres
  Blork the orc (D:4)
  A scorpion (D:4)
  An orc priest (D:5)
  2 crimson imps
  A centaur zombie (D:5)
  2 hounds
  2 worker ants (D:5)
  3 orc wizards
  A hound zombie (D:5)
  7 adders (D:3)
  A shadow imp (D:5)
  An ooze (D:2)
  3 worms (D:3)
  2 dart slugs
  4 leopard geckos
  8 orcs
  6 giant cockroaches
  9 goblins
  7 hobgoblins
  2 jackals (D:2)
  7 kobolds
  2 quokkas
  2 ball pythons
  10 bats
  A quokka skeleton (D:5)
  8 rats
100 creatures vanquished.

Notes
Turn   | Place    | Note
-------+----------+-------------------------------------------
     0 | D:1      | einarkeyser the Fairy Venom Mage began the quest for the
                  | Orb.
     0 | D:1      | Reached XP level 1. HP: 11/11 MP: 6/6
   128 | D:1      | Reached XP level 2. HP: 17/17 MP: 7/7
   424 | D:1      | Reached XP level 3. HP: 21/21 MP: 9/9
   434 | D:1      | Learned a level 2 spell: Poisonous Vapours
  1157 | D:2      | Reached skill level 1 in Air Magic
  1157 | D:2      | Reached XP level 4. HP: 10/27 MP: 11/11
  2376 | D:3      | Reached XP level 5. HP: 31/31 MP: 12/12
  2832 | D:3      | Found an opulent altar of Gozag.
  2832 | D:3      | Found a snail-covered altar of Cheibriados.
  3546 | D:4      | Learned a level 4 spell: Olgreb's Toxic Radiance
  3550 | D:4      | Learned a level 3 spell: Ignite Poison
  3787 | D:4      | Reached skill level 1 in Fire Magic
  3787 | D:4      | Reached XP level 6. HP: 36/36 MP: 8/14
  3791 | D:4      | Reached skill level 5 in Poison Magic
  3844 | D:4      | Found Qecvaw's General Store.
  3898 | D:4      | Noticed a sky beast
  3901 | D:4      | Killed a sky beast
  3902 | D:4      | Reached skill level 1 in Transmutations
  3917 | D:4      | Noticed Blork the orc
  3921 | D:4      | Killed Blork the orc
  4046 | D:4      | Reached XP level 7. HP: 41/41 MP: 7/16
  4097 | D:4      | Reached skill level 5 in Spellcasting
  4185 | D:5      | Entered Level 5 of the Dungeon
  4544 | D:5      | Reached XP level 8. HP: 46/46 MP: 5/18
  5104 | D:5      | Reached skill level 5 in Air Magic
  5185 | D:5      | Found Semaeji's Assorted Antiques.
  5556 | D:4      | Bought a +1 hat of intelligence for 176 gold pieces
  5692 | D:6      | Noticed a four-headed hydra
  5715 | D:6      | Mangled by a four-headed hydra

Skill      XL: |  1  2  3  4  5  6  7  8 |
---------------+-------------------------+-----
Dodging        | 3 |  3.0
Spellcasting   | 3 4 5 6 |  6.1
Conjurations   | 2 3 |  3.0
Poison Magic   | 4 5 6 |  6.6
Stealth        | 2 |  2.0
Air Magic      | 1 2 3 4 5 |  5.2
Fire Magic     | 1 2 3 4 |  4.0
Transmutations | 1 2 |  2.0

Action                   |  1- 3 |  4- 6 |  7- 9 || total
-------------------------+-------+-------+-------++-------
Melee: Unarmed           |     1 |       |       ||     1
 Fire: Hunting sling     |     5 |     7 |    52 ||    64
Throw: Tomahawk          |       |    42 |    94 ||   136
 Cast: Sting             |    73 |    72 |    29 ||   174
       Poisonous Vapours |       |     9 |    22 ||    31
       Olgreb's Toxic Ra |       |     6 |    22 ||    28
       Ignite Poison     |       |     5 |     8 ||    13
  Use: Scroll            |       |     3 |    10 ||    13
  Eat: Chunk             |       |    11 |     8 ||    19
       Ration            |       |       |     1 ||     1
Armor: Skin              |     5 |    13 |    38 ||    56
Dodge: Dodged            |    27 |    43 |   131 ||   201
Block: Other             |     6 |    11 |    32 ||    49
